 Dungeon Crawl Stone Soup version 0.22-a0-469-gf26638a (webtiles) character file.

657 Avalon the Caller (level 7, -3/36 HPs)
             Began as a Deep Elf Wizard on June 11, 2018.
             Slain by an ice beast (13 damage)
             ... on level 5 of the Dungeon.
             The game lasted 00:28:51 (6038 turns).

Avalon the Caller (Deep Elf Wizard)                 Turns: 6038, Time: 00:28:53

Health: -3/36      AC: 11    Str:  7    XL:     7   Next: 29%
Magic:  6/15       EV: 13    Int: 25    God:
Gold:   214        SH:  0    Dex: 13    Spells: 5/14 levels left

rFire    . . .     SeeInvis +   s - +2 dagger (protect)
rCold    . . .     Gourm    .   (no shield)
rNeg     . . .     Faith    .   a - +0 robe
rPois    .         Spirit   .   i - +0 helmet
rElec    .         Reflect  .   (no cloak)
rCorr    .         Harm     .   j - +0 pair of gloves
MR       .....                  (no boots)
Stlth    ++........             (no amulet)
HPRegen  0.12/turn              h - ring of see invisible
MPRegen  0.14/turn              o - +3 ring of strength

@: protection aura
A: no striking features
a: no special abilities


You were on level 5 of the Dungeon.
You were not hungry.

You visited 1 branch of the dungeon, and saw 5 of its levels.
You also visited: Sewer.

You collected 214 gold pieces.

Inventory:

Hand Weapons
 s - a +2 dagger of protection (weapon)
 u - a +1 trident of venom
 v - a +1 whip of venom
Armour
 a - a +0 robe (worn)
 i - a +0 helmet (worn)
 j - a +0 pair of gloves (worn)
 q - a +0 buckler
Jewellery
 h - a ring of see invisible (left hand)
 o - a +3 ring of strength (right hand)
Scrolls
 e - 6 scrolls of identify {unknown}
 g - a scroll of teleportation {unknown}
 l - a scroll of blinking {unknown}
 p - a scroll of immolation {unknown}
 r - a scroll of enchant armour {unknown}
 t - a scroll of amnesia {unknown}
 y - a scroll of magic mapping {unknown}
 z - 2 scrolls of fear {unknown}
 A - 2 scrolls of remove curse {unknown}
Potions
 b - 2 potions of flight {unknown}
 c - 2 potions of haste {unknown}
 f - 3 potions of curing {unknown}
 k - 2 potions of mutation {unknown}
 m - a potion of resistance {unknown}
 n - a potion of lignification {unknown}
 w - a potion of berserk rage {unknown}
 x - a potion of invisibility {unknown}
 B - 2 potions of degeneration {unknown}
Comestibles
 d - 7 rations


   Skills:
 - Level 2.4 Dodging
 - Level 2.4 Stealth
 - Level 4.4 Spellcasting
 + Level 5.6 Conjurations
 + Level 6.6 Summonings
   Level 1.1 Translocations
 + Level 0.1 Poison Magic


You had 5 spell levels left.
You knew the following spells:

 Your Spells              Type           Power        Failure   Level  Hunger
a - Magic Dart            Conj           ####         1%          1    None
b - Call Imp              Summ           #####...     1%          2    None
c - Mephitic Cloud        Conj/Pois/Air  ###.....     12%         3    ##.....
d - Conjure Flame         Conj/Fire      ###.....     9%          3    ##.....

Your spell library contained the following spells:

 Spells                   Type           Power        Failure   Level  Hunger
 Slow                     Hex            #.......     13%         2    None
 Blink                    Tloc           N/A          9%          2    None


Dungeon Overview and Level Annotations

Branches:
Dungeon (5/15)
 Temple: D:4-7

Altars:
Hepliaklqana


Message History

The ice beast completely resists.
Your crimson imp barely misses the ice beast.
Your crimson imp blinks!
Your crimson imp hits the ice beast but does no damage.
Casting: Magic Dart (safe; 1% risk of failure)
Confirm with . or Enter, or press ? or * to list all spells.
Aiming: Magic Dart (safe; 1% risk of failure)
Press: ? - help, Shift-Dir - straight line, f/p - ice beast
Aim: an ice beast (severely wounded)
The magic dart hits the ice beast.
The ice beast is severely wounded.
The ice beast barely misses you.
Your crimson imp hits the ice beast.
Your white imp barely misses the ice beast.
You hit the ice beast but do no damage.
Your weapon exudes an aura of protection.
The ice beast is severely wounded.
The ice beast hits you.
* * * LOW HITPOINT WARNING * * *
The ice beast freezes you!
You die...

#...........#..##.........
#...........#####.........
#........5..# ########..
########....# ##..
#....##### #... #........#
##.. #.55.....# #..
##.Y......# ##..
#..@......# #...
#.....####.. #... #.....#
.# #### #.....#
#.......#.. #.....#
#.......#.. #.....#
#.......#.. #.....#
#....<..#.. ...####
#...>...#.. #.......#.5


You could see an ice beast, 2 friendly crimson imps and a friendly white imp.

Vanquished Creatures
  An orc wizard (D:3)
  4 adders
  3 worms
  3 dart slugs
  6 leopard geckos
  7 orcs
  7 bats
  5 giant cockroaches
  7 goblins
  4 hobgoblins (D:1)
  A jackal (Sewer)
  11 kobolds
  2 quokkas
  3 frilled lizards
  7 rats
71 creatures vanquished.

Vanquished Creatures (collateral kills)
  The ghost of OnekoMk1 the Thaumaturge, a novice DEFE of Vehumet (D:5)
  The ghost of Nib the Ruffian, an amateur DrTm (D:3)
  A phantom (D:4)
  A big kobold (Sewer)
  A bullfrog skeleton (D:5)
  A hound (D:4)
  A bullfrog zombie (D:5)
  An orc priest (D:3)
  An orc wizard (D:5)
  Natasha (thrice) (D:2)
  A worker ant (D:4)
  A river rat (Sewer)
  2 worms
  A leopard gecko (D:3)
  3 orcs
  2 jackals (D:4)
  3 kobolds (Sewer)
  4 rats (Sewer)
29 creatures vanquished.

Grand Total: 100 creatures vanquished

Notes
Turn   | Place    | Note
-------+----------+-------------------------------------------
     0 | D:1      | Avalon the Deep Elf Wizard began the quest for the Orb.
     0 | D:1      | Reached XP level 1. HP: 10/10 MP: 7/7
   190 | D:1      | Reached XP level 2. HP: 15/15 MP: 0/9
   315 | D:1      | Learned a level 2 spell: Call Imp
   937 | D:1      | Reached XP level 3. HP: 19/19 MP: 6/10
  1063 | D:2      | Noticed Natasha
  1068 | D:2      | Killed Natasha
  1234 | D:2      | Found a hazy altar of Hepliaklqana.
  1348 | D:2      | Noticed Natasha
  1367 | D:2      | Killed Natasha
  1592 | D:2      | Reached XP level 4. HP: 24/24 MP: 8/12
  1740 | D:2      | Noticed Natasha
  1747 | D:2      | Killed Natasha
  1747 | D:2      | Reached skill level 2 in Summonings
  2031 | D:3      | Learned a level 3 spell: Mephitic Cloud
  2039 | D:3      | Noticed Nib's ghost (amateur DrTm)
  2427 | D:3      | Found a glowing drain.
  2445 | Sewer    | Entered a sewer
  2450 | Sewer    | Reached XP level 5. HP: 28/28 MP: 0/13
  2727 | Sewer    | Reached skill level 5 in Conjurations
  2727 | Sewer    | Reached skill level 3 in Summonings
  2856 | Sewer    | Found a white marble altar of Elyvilon.
  3422 | D:3      | Learned a level 3 spell: Conjure Flame
  3723 | D:3      | Killed Nib's ghost
  3723 | D:3      | Reached skill level 4 in Summonings
  3723 | D:3      | Reached XP level 6. HP: 18/32 MP: 0/14
  4384 | D:4      | Reached skill level 5 in Summonings
  5086 | D:5      | Entered Level 5 of the Dungeon
  5506 | D:5      | Noticed OnekoMk1's ghost (novice DEFE)
  5644 | D:5      | Killed OnekoMk1's ghost
  5644 | D:5      | Reached skill level 6 in Summonings
  5644 | D:5      | Reached XP level 7. HP: 16/36 MP: 5/15
  6038 | D:5      | Slain by an ice beast

Vault maps used:
D:1:      dpeg_arrival_line_fractal
D:2:      old_standard_altar, minmay_heptomino_d4, uniq_natasha
D:3:      portal_sewer_entry_f
D:4:      first_ration, amethyst_killhole
Sewer:    sewer_kobolds

Skill      XL: |  1  2  3  4  5  6 |
---------------+-------------------+-----
Conjurations   | 2 3 4 5 |  5.6
Summonings     | 2 4 6 |  6.6
Dodging        | |  2.4
Stealth        | |  2.4
Spellcasting   | |  4.4
Translocations | |  1.1
Poison Magic   | |  0.1

Action                   |  1- 3 |  4- 6 |  7- 9 || total
-------------------------+-------+-------+-------++-------
Melee: Unarmed           |     3 |       |       ||     3
       Dagger            |       |    19 |     1 ||    20
 Cast: Magic Dart        |    71 |   120 |     3 ||   194
       Call Imp          |     7 |    80 |     5 ||    92
       Conjure Flame     |       |     1 |       ||     1
 Stab: Distracted        |       |     1 |       ||     1
  Eat: Chunk             |     2 |    10 |       ||    12
       Ration            |       |     1 |       ||     1
Armor: Robe              |     2 |     8 |       ||    10
Dodge: Dodged            |    17 |    33 |     1 ||    51

Table legend:
 A = Spawn XP
 B = Non-spawn XP
 C = Spawn XP percentage of total XP
 D = Spawn monster count
 E = Non-spawn monster count
 F = Spawn count percentage of total count
 G = Total turns spent on level
                    A         B        C        D         E        F      G
               +---------+---------+-------+---------+---------+-------+---------
         Total |       0 |     939 |   0.0 |       0 |     100 |   0.0 |  6038
               +---------+---------+-------+---------+---------+-------+---------
           D:1 |       0 |      43 |   0.0 |       0 |      23 |   0.0 |  1063
           D:2 |       0 |     111 |   0.0 |       0 |      17 |   0.0 |  1175
           D:3 |       0 |     248 |   0.0 |       0 |      33 |   0.0 |  1589
           D:4 |       0 |     129 |   0.0 |       0 |       8 |   0.0 |   771
           D:5 |       0 |     342 |   0.0 |       0 |       9 |   0.0 |   952
         Sewer |       0 |      66 |   0.0 |       0 |      10 |   0.0 |   488
               +---------+---------+-------+---------+---------+-------+---------
